TOP OF THE 1ST |
Fort Wayne TinCaps batting - Pitching for Greensboro Grasshoppers : RHP Joe Lynn
|
Pitching: RHP Joe Lynn
|
|
Now in LF: Ryan Thompson
|
|
Batting: SHB Detlef Oursler
|
0-0: Called Strike 0-1: Ball 1-1: Called Strike 1-2: Ball 2-2: Fly out, F7 (Flyball, 7LSF, EV 79.4 MPH)
|
Batting: RHB Adrian Cook
|
0-0: Ball 1-0: Ball 2-0: Foul Ball, location: 2F 2-1: SINGLE (Groundball, 56S, EV 65.6 MPH) (infield hit)
|
Batting: RHB Dave Cordero
|
0-0: Called Strike Adrian Cook steals 2nd base 0-1: Ball 1-1: Swinging Strike 1-2: Strikes out swinging
|
Batting: LHB Sean Trueblood
|
0-0: Swinging Strike 0-1: Called Strike 0-2: Strikes out swinging
|
Top of the 1st over - 0 runs, 1 hit, 0 errors, 1 left on base; Fort Wayne 0 - Greensboro 0 |
BOTTOM OF THE 1ST |
Greensboro Grasshoppers batting - Pitching for Fort Wayne TinCaps : LHP David Rodriguez
|
Pitching: LHP David Rodriguez
|
|
Batting: RHB Rafael Irizarry
|
0-0: Ball 1-0: Ball 2-0: Ball 3-0: Swinging Strike 3-1: Called Strike 3-2: Strikes out swinging
|
Batting: LHB Angelo Estrella
|
0-0: Ball 1-0: Called Strike 1-1: Swinging Strike 1-2: Foul Ball, location: 2F 1-2: Foul Ball, location: 2F 1-2: Ball 2-2: Ball 3-2: SINGLE (Flyball, 3D, EV 93.8 MPH)
|
Batting: RHB Nate Crofts
|
0-0: Ball 1-0: Ground out 4-3 (Groundball, 13, EV 81.2 MPH) Angelo Estrella to second
|
Batting: LHB Ryan Karg
|
0-0: Swinging Strike 0-1: Called Strike 0-2: Ball 1-2: Ball 2-2: Strikes out swinging
|
Bottom of the 1st over - 0 runs, 1 hit, 0 errors, 1 left on base; Fort Wayne 0 - Greensboro 0 |
TOP OF THE 2ND |
Fort Wayne TinCaps batting - Pitching for Greensboro Grasshoppers : RHP Joe Lynn
|
Batting: LHB Justin Alworth
|
0-0: Called Strike 0-1: Foul Ball, location: 2F 0-2: Foul Ball, location: 2F 0-2: Fly out, F9 (Flyball, 89M, EV 87.5 MPH)
|
Batting: SHB Cesar Arteaga
|
0-0: Called Strike 0-1: Ball 1-1: Ball 2-1: Ground out U3 (Groundball, 34S, EV 89.4 MPH)
|
Batting: RHB Brian Klinkner
|
0-0: Ball 1-0: Called Strike 1-1: Swinging Strike 1-2: DOUBLE (Line Drive, 89D, EV 110.0 MPH)
|
Batting: LHB Javy Portela
|
0-0: Called Strike 0-1: Ball 1-1: Foul Ball, location: 2F 1-2: Strikes out swinging
|
Top of the 2nd over - 0 runs, 1 hit, 0 errors, 1 left on base; Fort Wayne 0 - Greensboro 0 |
BOTTOM OF THE 2ND |
Greensboro Grasshoppers batting - Pitching for Fort Wayne TinCaps : LHP David Rodriguez
|
Batting: RHB Dennis Coppolino
|
0-0: Called Strike 0-1: Called Strike 0-2: Ball 1-2: Strikes out looking
|
Batting: RHB Chris Alft
|
0-0: Called Strike 0-1: Swinging Strike 0-2: Foul Ball, location: 2F 0-2: Ball 1-2: Ball 2-2: Fly out, F9 (Flyball, 9, EV 90.0 MPH)
|
Batting: LHB Ryan Thompson
|
0-0: Called Strike 0-1: Ground out 4-3 (Groundball, 4, EV 82.5 MPH)
|
Bottom of the 2nd over - 0 runs, 0 hits, 0 errors, 0 left on base; Fort Wayne 0 - Greensboro 0 |
TOP OF THE 3RD |
Fort Wayne TinCaps batting - Pitching for Greensboro Grasshoppers : RHP Joe Lynn
|
Batting: RHB Marcus Dawson
|
0-0: Foul Ball, location: 2F 0-1: Ball 1-1: Swinging Strike 1-2: Strikes out looking
|
Batting: SHB Detlef Oursler
|
0-0: Ground out 1-3 (Groundball, 15S, EV 68.1 MPH)
|
Batting: RHB Adrian Cook
|
0-0: Called Strike 0-1: Ball 1-1: Ball 2-1: Ground out 4-3 (Groundball, 4, EV 76.9 MPH)
|
Top of the 3rd over - 0 runs, 0 hits, 0 errors, 0 left on base; Fort Wayne 0 - Greensboro 0 |
BOTTOM OF THE 3RD |
Greensboro Grasshoppers batting - Pitching for Fort Wayne TinCaps : LHP David Rodriguez
|
Batting: LHB Jose Cabello
|
0-0: Called Strike 0-1: DOUBLE (Flyball, 89D, EV 94.4 MPH)
|
Batting: RHB Nick Dunton
|
0-0: Called Strike 0-1: Ground out U3 (Groundball, 3, EV 108.8 MPH) Jose Cabello to third
|
Batting: RHB Rafael Irizarry
|
0-0: Ball 1-0: Swinging Strike 1-1: SINGLE (Groundball, 4M, EV 104.4 MPH) (infield hit) Jose Cabello scores
|
Batting: LHB Angelo Estrella
|
0-0: Called Strike 0-1: Ball Rafael Irizarry steals 2nd base 1-1: Called Strike 1-2: Foul Ball, location: 2F 1-2: Foul Ball, location: 2F 1-2: Strikes out swinging
|
Batting: RHB Nate Crofts
|
0-0: Fly out, F9 (Line Drive, 9D, EV 93.8 MPH)
|
Bottom of the 3rd over - 1 run, 2 hits, 0 errors, 1 left on base; Fort Wayne 0 - Greensboro 1 |
TOP OF THE 4TH |
Fort Wayne TinCaps batting - Pitching for Greensboro Grasshoppers : RHP Joe Lynn
|
Batting: RHB Dave Cordero
|
0-0: DOUBLE (Line Drive, 89M, EV 104.4 MPH)
|
Batting: LHB Sean Trueblood
|
0-0: Ball 1-0: Called Strike 1-1: Foul Ball, location: 2F 1-2: Ball 2-2: Strikes out swinging
|
Batting: LHB Justin Alworth
|
0-0: Fly out, F5 (Popup, 5S, EV 85.6 MPH)
|
Batting: SHB Cesar Arteaga
|
0-0: Ball 1-0: Swinging Strike 1-1: Swinging Strike 1-2: Strikes out swinging
|
Top of the 4th over - 0 runs, 1 hit, 0 errors, 1 left on base; Fort Wayne 0 - Greensboro 1 |
BOTTOM OF THE 4TH |
Greensboro Grasshoppers batting - Pitching for Fort Wayne TinCaps : LHP David Rodriguez
|
Batting: LHB Ryan Karg
|
0-0: Ball 1-0: Ground out 6-3 (Groundball, 4, EV 87.5 MPH)
|
Batting: RHB Dennis Coppolino
|
0-0: Ball 1-0: Called Strike 1-1: Ball 2-1: Ball 3-1: Foul Ball, location: 2F 3-2: Strikes out swinging
|
Batting: RHB Chris Alft
|
0-0: Ball 1-0: Foul Ball, location: 2F 1-1: Foul Ball, location: 2F 1-2: Strikes out swinging
|
Bottom of the 4th over - 0 runs, 0 hits, 0 errors, 0 left on base; Fort Wayne 0 - Greensboro 1 |
TOP OF THE 5TH |
Fort Wayne TinCaps batting - Pitching for Greensboro Grasshoppers : RHP Joe Lynn
|
Batting: RHB Brian Klinkner
|
0-0: Ball 1-0: Ball 2-0: Ground out 5-3 (Groundball, 56, EV 83.1 MPH)
|
Batting: LHB Javy Portela
|
0-0: Swinging Strike 0-1: Called Strike 0-2: Strikes out swinging
|
Batting: RHB Marcus Dawson
|
0-0: Ball 1-0: Called Strike 1-1: Foul Ball, location: 2F 1-2: Foul Ball, location: 2F 1-2: Hit by Pitch
|
Batting: SHB Detlef Oursler
|
0-0: Ball 1-0: Called Strike Marcus Dawson steals 2nd base 1-1: SINGLE (Line Drive, 5D, EV 95.6 MPH) Marcus Dawson to third Runner from 3rd tries for Home, throw by LF and OUT! 7-2
|
Top of the 5th over - 0 runs, 1 hit, 0 errors, 1 left on base; Fort Wayne 0 - Greensboro 1 |
BOTTOM OF THE 5TH |
Greensboro Grasshoppers batting - Pitching for Fort Wayne TinCaps : LHP David Rodriguez
|
Batting: LHB Ryan Thompson
|
0-0: Called Strike 0-1: Ball 1-1: Foul Ball, location: 2F 1-2: Ball 2-2: Foul Ball, location: 2F 2-2: Foul Ball, location: 2F 2-2: Ball 3-2: Foul Ball, location: 2F 3-2: Ground out 6-3 (Groundball, 6M, EV 83.1 MPH)
|
Batting: LHB Jose Cabello
|
0-0: Foul Ball, location: 2F 0-1: Foul Ball, location: 2F 0-2: Ground out 4-3 (Groundball, 4, EV 96.9 MPH)
|
Batting: RHB Nick Dunton
|
0-0: Ball 1-0: Foul Ball, location: 2F 1-1: Ball 2-1: Reached on error, E1 (Groundball, 15S, EV 70.6 MPH)
|
Batting: RHB Rafael Irizarry
|
0-0: Foul Ball, location: 2F 0-1: Ball Nick Dunton is caught stealing 2nd base 2-4
|
Bottom of the 5th over - 0 runs, 0 hits, 1 error, 0 left on base; Fort Wayne 0 - Greensboro 1 |
TOP OF THE 6TH |
Fort Wayne TinCaps batting - Pitching for Greensboro Grasshoppers : RHP Joe Lynn
|
Batting: RHB Adrian Cook
|
0-0: Foul Ball, location: 2F 0-1: SINGLE (Groundball, 6M, EV 100.6 MPH) (infield hit)
|
Batting: RHB Dave Cordero
|
0-0: Called Strike 0-1: Ball 1-1: SINGLE (Line Drive, 4MD, EV 100.0 MPH) Adrian Cook to second
|
Batting: LHB Sean Trueblood
|
0-0: Ball 1-0: Ball 2-0: Called Strike 2-1: Fielders Choice at 2nd, 3-6 (Groundball, 34S, EV 83.8 MPH) Adrian Cook to third
|
Batting: LHB Justin Alworth
|
0-0: Called Strike 0-1: Foul Ball, location: 2F 0-2: Foul Ball, location: 2F 0-2: Strikes out swinging
|
Batting: SHB Cesar Arteaga
|
0-0: Ball 1-0: Foul Ball, location: 2F 1-1: Swinging Strike 1-2: Strikes out swinging
|
Top of the 6th over - 0 runs, 2 hits, 0 errors, 2 left on base; Fort Wayne 0 - Greensboro 1 |
BOTTOM OF THE 6TH |
Greensboro Grasshoppers batting - Pitching for Fort Wayne TinCaps : LHP David Rodriguez
|
Batting: RHB Rafael Irizarry
|
0-0: Swinging Strike 0-1: Ball 1-1: Foul Ball, location: 2F 1-2: Ball 2-2: Strikes out swinging
|
Batting: LHB Angelo Estrella
|
0-0: Ball 1-0: Foul Ball, location: 2F 1-1: Ball 2-1: Foul Ball, location: 2F 2-2: Ball 3-2: Strikes out swinging
|
Batting: RHB Nate Crofts
|
0-0: Ball 1-0: Ball 2-0: Foul Ball, location: 2F 2-1: Called Strike 2-2: Strikes out swinging
|
Bottom of the 6th over - 0 runs, 0 hits, 0 errors, 0 left on base; Fort Wayne 0 - Greensboro 1 |
TOP OF THE 7TH |
Fort Wayne TinCaps batting - Pitching for Greensboro Grasshoppers : RHP Joe Lynn
|
Batting: RHB Brian Klinkner
|
0-0: Ball 1-0: Ground out 6-3 (Groundball, 4MS, EV 70.6 MPH)
|
Batting: LHB Javy Portela
|
0-0: Ball 1-0: Ball 2-0: Foul Ball, location: 2F 2-1: Ball 3-1: Base on Balls
|
Pinch Hitting: LHB Tony Contreras
|
0-0: Fly out, F4 (Popup, 13S, EV 83.8 MPH)
|
Batting: SHB Detlef Oursler
|
0-0: Ball 1-0: Ball 2-0: Called Strike 2-1: Ball 3-1: Foul Ball, location: 2F 3-2: Fly out, F6 (Line Drive, 6M, EV 73.1 MPH)
|
Top of the 7th over - 0 runs, 0 hits, 0 errors, 1 left on base; Fort Wayne 0 - Greensboro 1 |
BOTTOM OF THE 7TH |
Greensboro Grasshoppers batting - Pitching for Fort Wayne TinCaps : LHP David Rodriguez
|
Now at 1B: Justin Alworth
|
|
Now at 3B: Sean Trueblood
|
|
Now in RF: Tony Contreras
|
|
Batting: LHB Ryan Karg
|
0-0: Called Strike 0-1: Foul Ball, location: 2F 0-2: Ball 1-2: Foul Ball, location: 2F 1-2: Fly out, F9 (Flyball, 89S, EV 87.5 MPH)
|
Pitching: RHP Mike Swenson
|
|
Batting: RHB Dennis Coppolino
|
0-0: Swinging Strike 0-1: Swinging Strike 0-2: Ball 1-2: Ball 2-2: Foul Ball, location: 2F 2-2: Strikes out looking
|
Batting: RHB Chris Alft
|
0-0: Ball 1-0: Ball 2-0: Called Strike 2-1: Fly out, F6 (Line Drive, 6, EV 68.1 MPH)
|
Bottom of the 7th over - 0 runs, 0 hits, 0 errors, 0 left on base; Fort Wayne 0 - Greensboro 1 |
TOP OF THE 8TH |
Fort Wayne TinCaps batting - Pitching for Greensboro Grasshoppers : RHP Joe Lynn
|
Batting: RHB Adrian Cook
|
0-0: Called Strike 0-1: Ball 1-1: Foul Ball, location: 2F 1-2: Strikes out swinging
|
Batting: RHB Dave Cordero
|
0-0: Foul Ball, location: 2F 0-1: Ball 1-1: Swinging Strike 1-2: Ball 2-2: Ball 3-2: Base on Balls
|
Batting: LHB Sean Trueblood
|
0-0: Called Strike 0-1: Swinging Strike 0-2: Ball 1-2: Foul Ball, location: 2F 1-2: Fly out, F8 (Flyball, 89M, EV 83.1 MPH)
|
Batting: LHB Justin Alworth
|
0-0: Ball 1-0: Ball 2-0: Swinging Strike 2-1: Foul Ball, location: 2F 2-2: Strikes out swinging
|
Top of the 8th over - 0 runs, 0 hits, 0 errors, 1 left on base; Fort Wayne 0 - Greensboro 1 |
BOTTOM OF THE 8TH |
Greensboro Grasshoppers batting - Pitching for Fort Wayne TinCaps : RHP Mike Swenson
|
Batting: LHB Ryan Thompson
|
0-0: Ball 1-0: Reached on error, E4 (Groundball, 4, EV 84.4 MPH)
|
Batting: LHB Jose Cabello
|
0-0: Ball 1-0: Ball 2-0: Fly out, F8 (Flyball, 8LM, EV 93.1 MPH)
|
Batting: RHB Nick Dunton
|
0-0: Ball Passed Ball! Ryan Thompson to second 1-0: Swinging Strike 1-1: Ball 2-1: Foul Ball, location: 2F 2-2: Foul Ball, location: 2F 2-2: Ball 3-2: Strikes out swinging
|
Batting: RHB Rafael Irizarry
|
0-0: Called Strike 0-1: Ball 1-1: Called Strike 1-2: Strikes out swinging
|
Bottom of the 8th over - 0 runs, 0 hits, 1 error, 1 left on base; Fort Wayne 0 - Greensboro 1 |
TOP OF THE 9TH |
Fort Wayne TinCaps batting - Pitching for Greensboro Grasshoppers : RHP Joe Lynn
|
Batting: SHB Cesar Arteaga
|
0-0: Ball 1-0: Ball 2-0: Foul Ball, location: 2F 2-1: Foul Ball, location: 2F 2-2: Ball 3-2: SINGLE (Groundball, 4M, EV 109.4 MPH) (infield hit)
|
Batting: RHB Brian Klinkner
|
0-0: Swinging Strike 0-1: Foul Ball, location: 2F 0-2: Ball 1-2: Ball 2-2: Ball 3-2: Strikes out swinging
|
Batting: LHB Javy Portela
|
0-0: Called Strike 0-1: Foul Ball, location: 2F 0-2: Strikes out swinging
|
Batting: LHB Tony Contreras
|
0-0: Called Strike 0-1: Ball Passed Ball! Cesar Arteaga to second 1-1: Foul Ball, location: 2F 1-2: Ball 2-2: Ball 3-2: Base on Balls
|
Batting: SHB Detlef Oursler
|
0-0: Swinging Strike 0-1: Ball 1-1: Ball 2-1: Swinging Strike 2-2: Foul Ball, location: 2F 2-2: SINGLE (Line Drive, 5D, EV 96.9 MPH) Cesar Arteaga to third Tony Contreras to second Runner from 3rd tries for Home, SAFE, throw by LF to home
|
Pitching: RHP Mike Yorke
|
|
Batting: RHB Adrian Cook
|
0-0: Swinging Strike 0-1: Foul Ball, location: 2F 0-2: Ball 1-2: Foul Ball, location: 2F 1-2: Strikes out swinging
|
Top of the 9th over - 1 run, 2 hits, 0 errors, 2 left on base; Fort Wayne 1 - Greensboro 1 |
BOTTOM OF THE 9TH |
Greensboro Grasshoppers batting - Pitching for Fort Wayne TinCaps : RHP Mike Swenson
|
Pitching: RHP Jose Ramos
|
|
Batting: LHB Angelo Estrella
|
0-0: Ball 1-0: Called Strike 1-1: Ball 2-1: Foul Ball, location: 2F 2-2: Foul Ball, location: 2F 2-2: Ball 3-2: Foul Ball, location: 2F 3-2: Strikes out swinging
|
Pinch Hitting: LHB Justin Blakely
|
0-0: Swinging Strike 0-1: DOUBLE (Groundball, 5L, EV 103.8 MPH)
|
Batting: LHB Ryan Karg
|
0-0: Intentional Walk
|
Pinch Runner at 2nd Harrie de Kam:
|
|
Batting: RHB Dennis Coppolino
|
0-0: Called Strike 0-1: Ball 1-1: Ball 2-1: Ball 3-1: Called Strike 3-2: Strikes out swinging
|
Batting: RHB Chris Alft
|
0-0: Foul Ball, location: 2F 0-1: Called Strike 0-2: Strikes out swinging
|
Bottom of the 9th over - 0 runs, 1 hit, 0 errors, 2 left on base; Fort Wayne 1 - Greensboro 1 |
TOP OF THE 10TH |
Fort Wayne TinCaps batting - Pitching for Greensboro Grasshoppers : RHP Mike Yorke
|
Now at 1B: Angelo Estrella
|
|
Now in CF: Harrie de Kam
|
|
Now in RF: Jose Cabello
|
|
Batting: RHB Dave Cordero
|
0-0: Swinging Strike 0-1: Called Strike 0-2: Ball 1-2: Ground out 1-3 (Groundball, 15, EV 66.9 MPH)
|
Batting: LHB Sean Trueblood
|
0-0: Ball 1-0: Foul Ball, location: 2F 1-1: Ball 2-1: Foul Ball, location: 2F 2-2: Strikes out looking
|
Batting: LHB Justin Alworth
|
0-0: Called Strike 0-1: Foul Ball, location: 2F 0-2: Ball 1-2: Ball 2-2: Ball 3-2: SINGLE (Groundball, 34D, EV 97.5 MPH)
|
Pitching: RHP Adam Brown
|
|
Batting: SHB Cesar Arteaga
|
0-0: Ball 1-0: Ball 2-0: SINGLE (Groundball, 4, EV 99.4 MPH) Justin Alworth to second Runner from 2nd tries for 3rd, SAFE, throw by CF made to third
|
Pinch Hitting: LHB Ryan Anderson
|
0-0: 3-RUN HOME RUN (Flyball, 7LD, EV 92.5 MPH), Distance : 354 ft
|
Batting: LHB Javy Portela
|
0-0: Ball 1-0: Foul Ball, location: 2F 1-1: Foul Ball, location: 2F 1-2: SINGLE (Line Drive, 6MD, EV 98.1 MPH)
|
Batting: LHB Tony Contreras
|
0-0: Ball 1-0: Ball 2-0: Ball 3-0: Base on Balls Javy Portela to second
|
Batting: SHB Detlef Oursler
|
0-0: Foul Ball, location: 2F 0-1: Ball 1-1: Ball 2-1: Called Strike 2-2: Ball 3-2: Base on Balls Javy Portela to third Tony Contreras to second
|
Pitching: RHP Dan Durand
|
|
Batting: RHB Adrian Cook
|
0-0: Fly out, F9 (Flyball, 9LD, EV 100.6 MPH)
|
Top of the 10th over - 3 runs, 4 hits, 0 errors, 3 left on base; Fort Wayne 4 - Greensboro 1 |
BOTTOM OF THE 10TH |
Greensboro Grasshoppers batting - Pitching for Fort Wayne TinCaps : RHP Jose Ramos
|
Pitching: RHP Phil Holmes
|
|
Now at C: Ryan Anderson
|
|
Batting: LHB Ryan Thompson
|
0-0: Called Strike 0-1: Ball 1-1: Ground out 4-3 (Groundball, 4M, EV 81.2 MPH)
|
Batting: LHB Jose Cabello
|
0-0: Ball 1-0: Foul Ball, location: 2F 1-1: Ground out 4-3 (Groundball, 34D, EV 105.0 MPH)
|
Batting: RHB Nick Dunton
|
0-0: Ball 1-0: Swinging Strike 1-1: Ball 2-1: Ball 3-1: Base on Balls
|
Batting: RHB Rafael Irizarry
|
0-0: Foul Ball, location: 2F 0-1: Ball 1-1: Swinging Strike 1-2: Ball 2-2: Strikes out looking
|
Bottom of the 10th over - 0 runs, 0 hits, 0 errors, 1 left on base; Fort Wayne 4 - Greensboro 1 |
|